 Dungeon Crawl Stone Soup version 0.26.0-90-g5fd8617961 (webtiles) character file.

Game seed: 2365874956092787835

75 swilekon the Firebug (level 4, -10/27 HPs)
             Began as an Octopode Fire Elementalist on Feb 3, 2021.
             Killed by an exploding a goblin (33 damage)
             ... exploding inner flame
             ... on level 2 of the Dungeon.
             The game lasted 00:06:54 (1866 turns).

swilekon the Firebug (Octopode Fire Elementalist)   Turns: 1866, Time: 00:06:54

Health: -10/27     AC:  1    Str:  7    XL:     4   Next: 31%
Magic:  1/7        EV: 14    Int: 18    God:
Gold:   48         SH:  0    Dex: 12    Spells: 4/8 levels left

rFire    . . .     SeeInvis .   d - +0 dagger
rCold    . . .     Faith    .   (no shield)
rNeg     . . .     Spirit   .   (helmet restricted)
rPois    .         Reflect  .   (no amulet)
rElec    .         Harm     .   (no ring)
rCorr    .         Rampage  .   (no ring)
Will     .....                  (no ring)
Stlth    +++.......             (no ring)
HPRegen  0.09/turn              (no ring)
MPRegen  0.10/turn              (no ring)
                                (no ring)
                                (no ring)

@: very slightly contaminated
A: almost no armour, stealthy swim, amphibious, 8 rings, constrict 8, camouflage
1, gelatinous body 1
a: no special abilities


You were on level 2 of the Dungeon.
You visited 1 branch of the dungeon, and saw 2 of its levels.

You collected 48 gold pieces.

Inventory:

Hand Weapons
 d - a +0 dagger (weapon)
Wands
 m - a wand of random effects (16)
Scrolls
 a - 3 scrolls of blinking {unknown}
 e - a scroll of remove curse {unknown}
 g - 2 scrolls of enchant armour {unknown}
 h - a scroll of immolation {unknown}
 k - a scroll of amnesia {unknown}
 l - 4 scrolls of identify {unknown}
Potions
 b - 3 potions of flight {unknown}
 c - 2 potions of curing {unknown}
 f - a potion of brilliance {unknown}
 i - a potion of experience {unknown}
 j - a potion of lignification {unknown}


   Skills:
 + Level 2.6 Dodging
 + Level 3.6 Stealth
 + Level 2.5 Spellcasting
 + Level 1.7 Conjurations
 * Level 3.6 Fire Magic


You had 4 spell levels left.
You knew the following spells:

 Your Spells              Type           Power        Failure   Level
a - Foxfire               Conj/Fire      44%          6%          1
b - Inner Flame           Hex/Fire       8%           24%         3

Your spell library contained the following spells:

 Spells                   Type           Power        Failure   Level
 Conjure Flame            Conj/Fire      11%          17%         3
 Sticky Flame             Conj/Fire      11%          50%         4
 Fireball                 Conj/Fire      5%           85%         5


Dungeon Overview and Level Annotations

Branches:
Dungeon (2/15)

Altars:

Annotations:
D:2 Robin, Sigmund


Innate Abilities, Weirdness & Mutations

You cannot wear most types of armour.
You are very stealthy in the water. (Stealth+)
You are amphibious.
You can wear up to eight rings at the same time.
You can use your tentacles to constrict eight enemies at once.
Your skin changes colour to match your surroundings (Stealth+).
Your rubbery body absorbs attacks. (AC +1, EV +1)


Message History

Confirm with . or Enter, or press ? or * to list all spells.
You conjure some foxfire!
Robin roars a battlecry!
The goblin shoots a stone.
The stone hits you.
Your foxfire dissipates!
The foxfire hits Robin but does no damage.
Casting: Foxfire (safe; 6% risk of failure)
Confirm with . or Enter, or press ? or * to list all spells.
You conjure some foxfire!
Robin throws the goblin at you!
The goblin unwields a +0 hunting sling.
The goblin hits you but does no damage.
You hit the goblin but do no damage. Your grab misses the goblin.
The foxfire hits the goblin.
Flame seeps out of the goblin.
The goblin is heavily wounded.
The foxfire hits the goblin.
The goblin explodes!
The fiery explosion engulfs your foxfire.
Your foxfire completely resists.
The fiery explosion engulfs you!!
Ouch! That really hurt!
You die...

##...#..# ##...)†.<# ###
#......†.# ....
.........###### ....#
........†.....# #.....
#.......(....#
#...#####........##### g
#.#......#.....#.### gg
..g....§@§..####.########
.......####○v......§........
#.#. ####§.§..####§#...###.
#.... #........####.#...#
......#....#<#......#..[#
#...)..)......<#..#...#
#...........##.##.....#
........................#
...#.##....>....###.#...#


You could see Robin.

Vanquished Creatures
  3 adders (D:2)
  A worm (D:2)
  A leopard gecko (D:1)
  A giant cockroach (D:2)
  12 goblins
  4 hobgoblins
  4 jackals (D:1)
  7 kobolds
  2 ball pythons
  5 bats
  6 rats
46 creatures vanquished.

Vanquished Creatures (others)
  A hobgoblin (D:1)
  A kobold (D:1)
  A frilled lizard (D:1)
  113 foxfires
116 creatures vanquished.

Grand Total: 162 creatures vanquished

Notes
Turn   | Place    | Note
-------+----------+-------------------------------------------
     0 | D:1      | swilekon the Octopode Fire Elementalist began the quest for
                  | the Orb.
     0 | D:1      | Reached XP level 1. HP: 11/11 MP: 3/3
   318 | D:1      | Reached XP level 2. HP: 17/17 MP: 3/5
   701 | D:1      | Paralysed by a hobgoblin for 6 turns
  1094 | D:1      | Paralysed by a hobgoblin for 5 turns
  1097 | D:1      | Reached XP level 3. HP: 21/21 MP: 3/6
  1209 | D:1      | Learned a level 3 spell: Inner Flame
  1576 | D:2      | Reached XP level 4. HP: 27/27 MP: 2/7
  1758 | D:2      | Noticed Sigmund
  1859 | D:2      | Noticed Robin
  1866 | D:2      | Killed by an exploding a goblin... exploding inner flame

Illustrated notes

Levels and vault maps discovered:
D:1:      saegor_arrival_simple_c, layout_loops_ring, lemuel_flame_loot_1
D:2:      layout_rooms, kennysheep_generic_room_16, uniq_robin, uniq_sigmund,
          uniq_terence

Skill      XL: |  1  2 |
---------------+-------+-----
Stealth        | 3 |  3.6
Dodging        | |  2.6
Spellcasting   | |  2.5
Conjurations   | |  1.7
Fire Magic     | |  3.6

Action                   |  1- 3 |  4- 6 || total
-------------------------+-------+-------++-------
Melee: Dagger            |    11 |     1 ||    12
       Constrict         |     2 |       ||     2
       Tentacles         |     1 |       ||     1
 Cast: Foxfire           |    56 |    14 ||    70
       Inner Flame       |       |     1 ||     1
Armor: Skin              |     1 |     1 ||     2
Dodge: Dodged            |    20 |     1 ||    21
